 Dungeon Crawl Stone Soup version 0.14-a0-2618-g5301534 (webtiles) character file.

16513 worrywart the Cleaver (level 12, -28/114 HPs)
             Began as a Deep Dwarf Fighter on Feb 14, 2014.
             Was the Champion of Makhleb.
             Annihilated by an enormous slime creature (75 damage)
             ... on Level 11 of the Dungeon on Feb 15, 2014.
             The game lasted 01:33:12 (12471 turns).

worrywart the Cleaver (Deep Dwarf Fighter)         Turns: 12471, Time: 01:33:13

HP -28/114       AC 22     Str 23      XL: 12   Next:  6%
MP  15/15        EV  8     Int 17      God: Makhleb [******]
Gold 439         SH 12     Dex 17      Spells:  1 memorised, 12 levels left

rFire  . . .     SeeInvis .     M - +3,+5 orc hand axe (flame)
rCold  . . .     Clarity  .     R - +3 chain mail of Prusaun {Dex+5 Int+4}
rNeg   + . .     Conserve .     S - +0 buckler
rPois  .         rCorr    .     N - +2 helmet
rElec  .         rRot     .     L - +2 orc cloak
SustAb . .       Spirit   .     t - +0 pair of gloves
rMut   .         Warding  +     (no boots)
Saprov . . .     Stasis   .     D - amulet of warding
MR     +....                    i - +1 ring of strength
                                x - +1 ring of intelligence

@: non-regenerating, somewhat resistant to hostile enchantments, extremely
unstealthy
A: damage resistance, recharge devices, sense surroundings 2, slow healing 3
a: Device Recharging, Minor Destruction, Lesser Servant of Makhleb, Major
Destruction, Greater Servant of Makhleb, Renounce Religion


You were on level 11 of the Dungeon.
You worshipped Makhleb.
Makhleb was exalted by your worship.
You were hungry.

You visited 3 branches of the dungeon, and saw 15 of its levels.
You also visited: Sewer.

You collected 589 gold pieces.
You spent 150 gold pieces at shops.

Inventory:

Hand weapons
 M - a +3,+5 orcish hand axe of flaming (weapon)
Missiles
 n - 125 darts (quivered)
 Q - 3 exploding darts
Armour
 t - a +0 pair of gloves (worn)
 L - a +2 orcish cloak (worn)
 N - a +2 helmet (worn)
 R - the +3 chain mail of Prusaun (worn) {Dex+5 Int+4}
   (You found it on level 1 of the Lair of Beasts)

   It affects your intelligence (+4).
   It affects your dexterity (+5).
 S - a +0 buckler (worn)
 U - a +1 hat of see invisible
Magical devices
 d - a wand of heal wounds (3)
 j - a wand of lightning (0)
 p - a wand of random effects (12)
 y - a wand of digging (5)
 F - a wand of disintegration (0)
 J - a wand of slowing (3)
 V - a wand of fire (6)
 W - a wand of magic darts (14)
 Y - a wand of enslavement (14) {unknown}
Comestibles
 f - 3 bread rations
 q - 3 rotting chunks of centaur flesh
 r - a meat ration
 E - 2 chokos
 X - 2 honeycombs
 Z - 3 apples
Scrolls
 b - a scroll of blinking
 e - a scroll of identify
 k - 2 scrolls of magic mapping
 o - 11 scrolls of remove curse
 s - a scroll of enchant weapon I
 u - a scroll of enchant armour
 C - 7 scrolls of teleportation
 G - 4 scrolls of fear
Jewellery
 a - an uncursed amulet of guardian spirit
 i - a +1 ring of strength (right hand)
 x - a +1 ring of intelligence (left hand)
 D - an amulet of warding (around neck)
Potions
 g - a potion of speed {unknown}
 l - a potion of lignification {unknown}
 m - 3 potions of curing
 v - a potion of agility {unknown}
 w - a potion of beneficial mutation {unknown}
 z - a potion of invisibility {unknown}
 B - a potion of brilliance {unknown}
 H - 2 potions of poison {unknown}
 I - 2 potions of restore abilities
 K - 2 potions of magic
 P - a potion of paralysis {unknown}
Books
 h - a book of War Chants

   Spells                             Type                      Level
   Fire Brand                         Charms/Fire                  2
   Freezing Aura                      Charms/Ice                   2
   *Shroud of Golubria                Charms/Translocation         2
   Repel Missiles                     Charms/Air                   2
   Poison Weapon                      Charms/Poison                3
   Regeneration                       Charms/Necromancy            3
 O - a Grand Grimoire {highlevel}

   This book is beyond your current level of understanding.

   Spells                             Type                      Level
   Demonic Horde                      Summoning                    6
   Mass Abjuration                    Summoning                    6
   Haunt                              Necromancy/Summoning         7
   Summon Greater Demon               Summoning                    7
   Malign Gateway                     Summoning/Translocation      7
   Summon Horrible Things             Summoning                    8
 T - a book of Fire

   Spells                             Type                      Level
   Fire Brand                         Charms/Fire                  2
   Ignite Poison                      Fire/Transmutation           5
   Fireball                           Conjuration/Fire             5
   Bolt of Fire                       Conjuration/Fire             6
   Delayed Fireball                   Conjuration/Fire             7
   Ring of Flames                     Charms/Fire                  7
Magical staves
 A - an uncursed staff of poison {unknown}


   Skills:
 + Level 9.0 Fighting
 * Level 14.7 Axes
 + Level 9.4 Armour
 - Level 1.0 Dodging
 + Level 5.2 Shields
 + Level 1.9 Spellcasting
 * Level 1.3 Charms
 + Level 2.1 Translocations
 - Level 2.2 Invocations
 - Level 5.4 Evocations


You had 12 spell levels left.
You knew the following spells:

 Your Spells              Type           Power        Failure   Level  Hunger
a - Shroud of Golubria    Chrm/Tloc      #.........   80%         2    ###....


Dungeon Overview and Level Annotations

Branches:
Dungeon (12/16)            Temple (1/1) D:4             Orc (0/4) D:9
   Lair (2/8) D:8

Altars:
Ashenzari
Cheibriados
Dithmenos
Elyvilon
Fedhas
Kikubaaqudgha
Makhleb
Nemelex Xobeh
Okawaru
Sif Muna
Trog
Vehumet
Xom
Yredelemnul
Zin
The Shining One

Shops:
D:5 ?   D:6 [   D:9 /


Innate Abilities, Weirdness & Mutations

You are resistant to damage.
You can recharge devices by infusing magical energy.
You passively map the area around you.
You do not heal naturally.


Message History

You slash the large slime creature! You burn the large slime creature.
The large slime creature is heavily wounded.
The large slime creature closely misses you.
You slash the large slime creature! You burn the large slime creature.
The large slime creature is severely wounded.
Two slime creatures merge to form a very large slime creature.
Two slime creatures merge to form an enormous slime creature.
You slash the enormous slime creature! You burn the enormous slime creature.
The enormous slime creature is severely wounded.
You hit the enormous slime creature. You burn the enormous slime creature.
The enormous slime creature is severely wounded.
You are feeling hungry.
You hit the enormous slime creature. You burn the enormous slime creature.
The enormous slime creature is severely wounded.
The enormous slime creature hits you!
You slash the enormous slime creature! You burn the enormous slime creature.
The enormous slime creature is severely wounded.
The enormous slime creature hits you!
Ouch! That really hurt!
You die...

....#..........# #....#.####.#
#############.## #...........#
#.# #....#.####.# ##### ####)##
##.###.# #.# ....# #../.)#
#.###.####.## ...)# #.....#
#...........# ..<.# #.....#
#...........#
....######.....######........)..#
....(%.(.)(...KJ@...............#
....######....)######.########.##
....# #.....# #.# #.#
[...######.....# #.# #.#
.......<.......# #.# #.#
#############.## #.# ###.##
#############.#######.######.....
..........)......................
#############.#######.######.....


You could see an enormous slime creature and a kobold.

Vanquished Creatures
  Gastronok (D:9)
  Erica (D:10)
  An unseen horror (D:11)
  A hill giant (D:10)
  Pikel (D:6)
  3 cyclopes (D:11)
  A spiny worm (Lair:2)
  A spiny frog (Lair:1)
  A komodo dragon (Lair:1)
  A merfolk (D:11)
  A spriggan (D:11)
  Prince Ribbit (Sewer)
  2 trolls (D:10)
  A slime creature (D:11)
  A shadow (D:11)
  21 yaks
  A deep elf fighter (D:8)
  A hungry ghost (D:11)
  Grum (D:9)
  A hill giant skeleton (D:9)
  3 hippogriffs
  2 wolves (D:9)
  A necrophage (D:11)
  2 ice beasts
  A porcupine (Lair:2)
  2 slaves
  2 orc warriors
  A black bear (D:10)
  5 crocodiles
  4 ogres
  2 phantoms
  A sky beast (D:8)
  5 centaurs
  2 big kobolds (D:11)
  2 water moccasins
  8 giant frogs
  A wyvern skeleton (D:11)
  8 wights
  4 killer bees (D:7)
  A troll skeleton (D:11)
  2 goliath beetles
  A hippogriff skeleton (D:7)
  5 crimson imps
  8 hounds
  2 orc priests
  3 jellies
  5 iguanas
  7 orc wizards
  4 scorpions
  9 worker ants
  5 sheep (Lair:2)
  Ijyb (D:5)
  An ogre skeleton (D:6)
  A mottled dragon zombie (D:8)
  A hound zombie (D:8)
  8 gnolls
  2 green rats (D:8)
  11 adders
  4 giant centipedes
  A giant mite (D:4)
  4 worms
  An iguana zombie (D:10)
  A grey rat (D:5)
  A giant eyeball (D:7)
  11 giant geckos
  30 orcs
  29 bats
  2 bat skeletons
  A bat zombie (D:6)
  2 giant cockroaches (D:5)
  16 hobgoblins
  16 jackals
  9 ball pythons
  A giant gecko skeleton (D:7)
  7 giant newts
  A giant spore (D:8)
  7 goblins
  20 kobolds
  A kobold skeleton (D:4)
  6 quokkas
  27 rats
  11 ballistomycetes (D:8)
  5 fungi
  A plant (Lair:1)
391 creatures vanquished.

Notes
Turn   | Place    | Note
--------------------------------------------------------------
     0 | D:1      | worrywart, the Deep Dwarf Fighter, began the quest for the Orb.
     0 | D:1      | Reached XP level 1. HP: 20/20 MP: 1/1
   242 | D:1      | Reached XP level 2. HP: 27/27 MP: 2/2
   346 | D:1      | Reached skill level 1 in Dodging
   940 | D:2      | Found a blossoming altar of Fedhas.
  1057 | D:2      | Reached XP level 3. HP: 31/33 MP: 3/3
  1553 | D:2      | Reached skill level 4 in Axes
  1707 | D:3      | Noticed a phantom
  1760 | D:3      | Killed a phantom
  1760 | D:3      | Reached skill level 5 in Axes
  1760 | D:3      | Reached XP level 4. HP: 32/40 MP: 4/4
  1763 | D:3      | Reached XP level 5. HP: 36/46 MP: 5/5
  1968 | D:3      | Reached skill level 6 in Axes
  2178 | D:3      | Found an iron altar of Okawaru.
  2230 | D:2      | Found an iron altar of Okawaru.
  2516 | D:4      | Noticed a phantom
  2526 | D:4      | Reached XP level 6. HP: 31/55 MP: 6/6
  2553 | D:4      | Killed a phantom
  2553 | D:4      | Reached skill level 7 in Axes
  2844 | D:4      | Noticed an ogre
  2922 | D:4      | Killed an ogre
  2922 | D:4      | Reached skill level 8 in Axes
  2976 | D:4      | Found a staircase to the Ecumenical Temple.
  2986 | Temple   | Entered the Ecumenical Temple
  2990 | Temple   | Became a worshipper of Makhleb the Destroyer
  3026 | D:4      | Reached XP level 7. HP: 23/61 MP: 7/7
  3074 | D:4      | Found a deep blue altar of Sif Muna.
  3208 | D:5      | Entered Level 5 of the Dungeon
  3208 | D:5      | Found Koimmiweba's Magic Scroll Boutique.
  3403 | D:5      | Noticed Ijyb
  3411 | D:5      | Killed Ijyb
  3434 | D:5      | Acquired Makhleb's first power
  3496 | D:5      | Reached skill level 9 in Axes
  4020 | D:5      | Found a glowing drain.
  4031 | Sewer    | Entered a sewer
  4046 | Sewer    | Acquired Makhleb's second power
  4120 | Sewer    | Reached skill level 1 in Invocations
  4120 | Sewer    | Reached skill level 1 in Evocations
  4142 | Sewer    | Noticed Prince Ribbit
  4154 | Sewer    | Killed Prince Ribbit
  4154 | Sewer    | Reached XP level 8. HP: 45/69 MP: 8/10
  4460 | D:5      | Reached skill level 10 in Axes
  4712 | D:6      | Found Cocaz's Armour Shop.
  4839 | D:6      | Noticed Pikel
  4992 | D:6      | Killed Pikel
  4992 | D:6      | Reached skill level 5 in Armour
  5109 | D:6      | Found a glowing golden altar of the Shining One.
  5123 | D:6      | Reached skill level 11 in Axes
  5184 | D:6      | Gained mutation: You passively map the area around you. [level up]
  5184 | D:6      | Reached XP level 9. HP: 24/78 MP: 11/11
  5598 | D:7      | Acquired Makhleb's third power
  5856 | D:7      | Reached skill level 5 in Fighting
  6201 | D:8      | Reached skill level 12 in Axes
  6293 | D:8      | Acquired Makhleb's fourth power
  6400 | D:8      | Found a staircase to the Lair.
  6425 | Lair:1   | Entered Level 1 of the Lair of Beasts
  6425 | Lair:1   | Noticed a spiny frog
  6486 | Lair:1   | Reached XP level 10. HP: 45/91 MP: 12/12
  6490 | Lair:1   | Killed a spiny frog
  6533 | Lair:1   | Got a turquoise-encrusted chain mail
  6553 | Lair:1   | Identified the +3 chain mail of Prusaun {Dex+5 Int+4} (You found it on level 1 of the Lair of Beasts)
  7857 | Lair:2   | Acquired Makhleb's fifth power
  7969 | Lair:2   | Noticed a six-headed hydra
  7975 | Lair:2   | Noticed a spiny worm
  7975 | Lair:2   | a six-headed hydra changed into a spiny worm
  8040 | Lair:2   | Killed a spiny worm
  8040 | Lair:2   | Reached skill level 13 in Axes
  9509 | D:9      | Found Zuysmauth's Magical Wand Boutique.
  9541 | D:9      | Bought a wand of random effects (18) for 150 gold pieces
  9759 | D:9      | Found a staircase to the Orcish Mines.
  9821 | D:9      | Reached skill level 5 in Evocations
  9902 | D:9      | Noticed Gastronok
  9937 | D:9      | Killed Gastronok
  9937 | D:9      | Reached skill level 5 in Shields
  9937 | D:9      | Reached XP level 11. HP: 47/100 MP: 15/15
 10064 | D:9      | Found an iron altar of Okawaru.
 10338 | D:9      | Noticed Grum
 10360 | D:9      | Killed Grum
 10519 | D:10     | Entered Level 10 of the Dungeon
 10550 | D:10     | Found a bloodstained altar of Trog.
 10829 | D:10     | Noticed a hill giant
 10842 | D:10     | Killed a hill giant
 10865 | D:10     | Noticed Erica
 10925 | D:10     | Killed Erica
 10925 | D:10     | Reached skill level 14 in Axes
 11244 | D:10     | Got an encrusted cutlass
 11245 | D:10     | Identified the cursed +9,+4 cutlass of Sloth {flame, rF+ rN+} (You found it on level 10 of the Dungeon)
 11387 | D:11     | Found a flagged portal.
 11598 | D:11     | Reached skill level 1 in Spellcasting
 11851 | D:11     | Killed an unseen horror
 11938 | D:11     | Learned a level 2 spell: Shroud of Golubria
 12019 | D:11     | Reached skill level 1 in Translocations
 12091 | D:11     | Reached skill level 1 in Charms
 12400 | D:11     | Reached XP level 12. HP: 114/114 MP: 15/15
 12471 | D:11     | Annihilated by an enormous slime creature

Action                   |  1- 3 |  4- 6 |  7- 9 | 10-12 || total
-------------------------+-------+-------+-------+-------++-------
Melee: Hand axe          |   158 |   176 |   646 |   995 ||  1975
Throw: Dart              |     4 |    23 |    14 |    33 ||    74
 Cast: Shroud of Golubri |       |       |       |     2 ||     2
Invok: Minor Destruction |       |       |     3 |       ||     3
 Abil: Device Recharging |       |       |     1 |     4 ||     5
Evoke: Wand              |       |     3 |    23 |    31 ||    57
  Use: Scroll            |     2 |     3 |     4 |    19 ||    28
       Potion            |       |       |     6 |     3 ||     9
